 Dungeon Crawl Stone Soup version 0.28-a0-1190-g77e1c55843 (webtiles) character file.

Game seed: 15517171379207190021

964 Decritt the Skirmisher (level 7, -3/96 HPs)
             Began as a Minotaur Fighter on Dec 18, 2021.
             Was a Follower of Okawaru.
             Slain by a yak (5 damage)
             ... on level 5 of the Dungeon.
             The game lasted 00:09:56 (7151 turns).

Decritt the Skirmisher (Minotaur Fighter)           Turns: 7151, Time: 00:09:56

Health: -3/96      AC: 13    Str: 22    XL:     7   Next: 93%
Magic:  7/7        EV:  7    Int:  5    God:    Okawaru [*.....]
Gold:   232        SH:  0    Dex: 10    Spells: 6/6 levels left

rFire   + . .      SeeInvis .   y - +1 hand axe (venom)
rCold   . . .      Faith    .   c - +0 buckler
rNeg    . . .      Spirit   .   m - +0 plate armour
rPois   .          Reflect  .   (helmet restricted)
rElec   .          Harm     .   u - +0 cloak
rCorr   .          Rampage  .   (no gloves)
Will    .....                   (no boots)
Stlth   ..........              (no amulet)
HPRegen 0.26/turn               l - ring of protection from fire
MPRegen 0.10/turn               (no ring)

@: confused, berserking (expiring), very quick
A: horns 2, retaliatory headbutt
a: Renounce Religion, Heroism


You were on level 5 of the Dungeon.
You worshipped Okawaru.
Okawaru was aware of your devotion.
You visited 2 branches of the dungeon, and saw 7 of its levels.

You collected 232 gold pieces.

Inventory:

Hand Weapons
 a - a +0 war axe
 f - a +2 mace of protection
 y - a +1 hand axe of venom (weapon)
Armour
 c - a +0 buckler (worn)
 m - a +0 plate armour (worn)
 u - a +0 cloak (worn)
Jewellery
 l - a ring of protection from fire (left hand)
 x - an amulet of magic regeneration
Scrolls
 b - a scroll of immolation {unknown}
 e - a scroll of magic mapping
 h - a scroll of fog {unknown}
 j - a scroll of enchant armour {unknown}
 o - a scroll of torment {unknown}
 p - a scroll of noise {unknown}
 q - 2 scrolls of teleportation
 r - a scroll of acquirement {unknown}
 t - a scroll of fear {unknown}
 w - a scroll of amnesia {unknown}
Potions
 d - a potion of might
 g - 2 potions of magic
 i - a potion of haste {unknown}
 k - 2 potions of curing {unknown}
 n - a potion of degeneration {unknown}
 s - a potion of ambrosia {unknown}
 v - a potion of berserk rage


   Skills:
 * Level 6.7 Fighting
 * Level 6.3 Axes
 + Level 5.5 Armour
 + Level 2.4 Dodging
 + Level 5.4 Shields
 + Level 2.3 Invocations


You had 6 spell levels left.
You didn't know any spells.
Your spell library contained the following spells:

 Spells                   Type           Power      Damage    Failure   Level
 Beastly Appendage        Tmut           0%         N/A       100%        1
 Pain                     Necr           0%         1d4       100%        1
 Sandblast                Erth           0%         2d4       100%        1
 Ensorcelled Hibernation  Hex/Ice        0%         N/A       100%        2
 Passwall                 Tmut/Erth      0%         N/A       100%        2
 Wereblood                Tmut           0%         N/A       100%        2
 Spider Form              Tmut/Pois      0%         N/A       100%        3
 Swiftness                Air            0%         N/A       100%        3
 Animate Skeleton         Necr           Unusable   N/A       N/A         1

Dungeon Overview and Level Annotations

Branches:
Dungeon (6/15)             Temple (1/1) D:4

Altars:
Ashenzari
Cheibriados
Dithmenos
Elyvilon
Fedhas
Gozag
Hepliaklqana
Kikubaaqudgha
Makhleb
Nemelex Xobeh
Okawaru
Qazlal
Ru
Sif Muna
Trog
Uskayaw
Vehumet
Wu Jian
Zin
The Shining One


Innate Abilities, Weirdness & Mutations

You have a pair of horns on your head.
You reflexively headbutt those who attack you in melee.


Message History

You are confused.
The orc warrior hits you but does no damage.
The yak gores you but does no damage.
In your confused state, you trip and fall back down the stairs.
* * * LOW HITPOINT WARNING * * *
The orc wizard hits you with a +0 dagger.
* * * LOW HITPOINT WARNING * * *
The orc wizard hits you but does no damage.
The orc warrior hits you but does no damage.
The yak gores you!
* * * LOW HITPOINT WARNING * * *
A red film seems to cover your vision as you go berserk!
You feel yourself moving faster!
You feel mighty!
You kill the orc wizard!
Okawaru accepts your kill. The yak gores you!
* * * LOW HITPOINT WARNING * * *
The orc wizard casts a spell at you. The puff of flame hits you. You resist.
* * * LOW HITPOINT WARNING * * *
The orc warrior hits you but does no damage.
A yak comes into view.
The yak gores you!
* * * LOW HITPOINT WARNING * * *
You are too injured to fight recklessly!
You are too injured to fight recklessly!
You are too injured to fight recklessly!
You feel a strong urge to attack something.
The yak gores you.
* * * LOW HITPOINT WARNING * * *
The orc wizard hits you but does no damage.
The orc warrior hits you with a +0 flail.
* * * LOW HITPOINT WARNING * * *
You climb upwards.
There is a stone staircase leading down here.
You slash the yak!
The yak is poisoned.
You headbutt the yak!!
The yak is almost dead.
You completely miss the orc warrior. You miss the orc wizard.
You closely miss the yak. The yak gores you.
You die...

..#...## ##.## ..#....# ##...#
.......# #....# ### .......#
#....# #.# .......#####..###
#.# ..##..#.......#.### #.#
..................# #.#
#(##..#...#.#..Y######### #.#
...............Y@o......# #.#
..##..#...#.#..o#######.####.#
#............................#
.......[.......########.######
....#####.####.# #.# ....##
#.#....# #.#
.....####.#.##.########.###
........#.#.....#.........#
..........#.....#.#####.#.###


You could see 2 yaks, an orc warrior (very poisoned) and an orc wizard.

Vanquished Creatures
  Menkaure (D:5)
  A water moccasin (D:5)
  An orc warrior (D:4)
  A necrophage (D:5)
  A scorpion (D:5)
  A centaur skeleton (D:5)
  2 hounds (D:4)
  An orc priest (D:5)
  3 iguanas (D:5)
  Crazy Yiuf (D:5)
  An orc wizard (D:6)
  A hound skeleton (D:4)
  3 gnolls (D:4)
  11 adders
  2 dart slugs
  9 orcs
  12 endoplasms
  3 giant cockroaches
  10 goblins
  16 hobgoblins
  5 jackals (D:4)
  10 ball pythons
  3 bats
  5 frilled lizards
  16 kobolds
  6 rats
126 creatures vanquished.

Vanquished Creatures (others)
  2 plants (D:3)
2 creatures vanquished.

Grand Total: 128 creatures vanquished

Notes
Turn   | Place    | Note
-------+----------+-------------------------------------------
     0 | D:1      | Decritt the Minotaur Fighter began the quest for the Orb.
     0 | D:1      | Reached XP level 1. HP: 19/19 MP: 0/0
   488 | D:1      | Reached XP level 2. HP: 22/27 MP: 1/1
  1374 | D:2      | Reached XP level 3. HP: 33/33 MP: 2/2
  1948 | D:2      | Reached XP level 4. HP: 40/41 MP: 3/3
  3131 | D:4      | Reached XP level 5. HP: 47/47 MP: 4/4
  3155 | D:4      | Found a staircase to the Ecumenical Temple.
  3164 | D:4      | Got Zitoqu's Beginning Course on Spellweaving
  3167 | Temple   | Entered the Ecumenical Temple
  3535 | Temple   | Became a worshipper of Warmaster Okawaru
  3666 | D:4      | Reached skill level 5 in Fighting
  4113 | D:4      | Noticed an orc warrior
  4117 | D:4      | Reached XP level 6. HP: 56/56 MP: 5/5
  4132 | D:4      | Killed an orc warrior
  4133 | D:4      | Reached skill level 5 in Axes
  4133 | D:4      | Reached skill level 1 in Dodging
  4133 | D:4      | Reached skill level 1 in Invocations
  4667 | D:5      | Entered Level 5 of the Dungeon
  4923 | D:5      | Noticed a water moccasin
  4930 | D:5      | Killed a water moccasin
  4930 | D:5      | Reached * piety under Okawaru
  4931 | D:5      | Reached skill level 5 in Armour
  4931 | D:5      | Reached XP level 7. HP: 36/62 MP: 7/7
  5281 | D:5      | Reached skill level 5 in Shields
  6306 | D:5      | Noticed Menkaure
  6315 | D:5      | Killed Menkaure
  6729 | D:5      | Found a runed translucent door.
  6730 | D:5      | Noticed Crazy Yiuf
  6740 | D:5      | Killed Crazy Yiuf
  6965 | D:6      | Noticed a yak
  7143 | D:6      | Noticed a yak
  7148 | D:6      | Noticed a yak
  7149 | D:6      | HP: 4/96 [yak (1)]
  7149 | D:6      | HP: 1/96 [orc warrior (3)]
  7151 | D:5      | Slain by a yak

Illustrated notes

Levels and vault maps discovered:
D:1:      dpeg_arrival_court, layout_loops_corners, serial_forest,
          infiniplex_forest_lined_room_2, infiniplex_forest_clump_tiny,
          infiniplex_forest_straight_5, infiniplex_forest_clump_small,
          infiniplex_forest_end_double, infiniplex_forest_lined_room_3,
          infiniplex_forest_clump_small
D:2:      layout_basic
D:3:      corexii_shack_village, layout_loops_ring, kennysheep_nub
D:4:      layout_cave_pods, minmay_temple_entry_offerings
D:5:      layout_basic, st_stairs_6, sigmund_army, uniq_crazy_yiuf_cottage,
          uniq_menkaure
D:6:      layout_cave_pools, ebering_ghost_disaster_area, nicolae_benzene_ring,
          uniq_eustachio
Temple:   mainiacjoe_temple_trianglar_array

Skill      XL: |  1  2  3  4  5  6  7 |
---------------+----------------------+-----
Fighting       | 4 5 6 |  6.7
Axes           | 3 4 5 6 |  6.3
Armour         | 4 5 |  5.5
Shields        | 4 5 |  5.4
Dodging        | 1 2 |  2.4
Invocations    | 1 2 |  2.3

Action                   |  1- 3 |  4- 6 |  7- 9 || total
-------------------------+-------+-------+-------++-------
Melee: War axe           |    11 |       |       ||    11
       Mace              |    87 |   159 |    63 ||   309
       Headbutt          |     2 |    28 |    16 ||    46
       Hand axe          |       |       |     3 ||     3
  Use: Scroll            |       |       |     4 ||     4
       Potion            |       |       |     1 ||     1
Armor: Scale mail        |    53 |    30 |       ||    83
       Plate armour      |       |    86 |    33 ||   119
Dodge: Dodged            |    29 |    74 |    45 ||   148
Block: Buckler           |    25 |    35 |    28 ||    88

Table legend: (Time is in decaauts)
 A = Elapsed time spent in this place.
 B = Non-inter-level travel time spent in this place.
 C = Inter-level travel time spent in this place.
 D = Time resting spent in this place.
 E = Time spent auto-exploring this place.
 F = Levels seen in this place.
 G = Mean time per level.
                   A        B        C        D        E       F      G
               +--------+--------+--------+--------+--------+-----+--------+
         Total |   7240 |   7052 |    188 |   1898 |   4210 |   7 | 1034.3 |
       Dungeon |   6844 |   6683 |    161 |   1898 |   3869 |   6 | 1140.7 |
        Temple |    395 |    368 |     27 |      0 |    341 |   1 |  395.0 |
               +--------+--------+--------+--------+--------+-----+--------+

Top non-repeatable levels by time:
     D:5: 2111 daAuts
     D:4: 1544 daAuts
     D:1: 1369 daAuts
     D:2: 971 daAuts
     D:3: 833 daAuts
  Temple: 395 daAuts
     D:6: 14 daAuts
